 Dungeon Crawl Stone Soup version 0.30.1-11-g7821555f0a (webtiles) character file.

Game seed: 10549705523234879679

5 Gabide the Shooter (level 1, -1/17 HPs)
             Began as a Barachi Hunter on Nov 12, 2023.
             Slain by a kobold
             ... wielding a +0 dagger
              (2 damage)
             ... on level 1 of the Dungeon.
             The game lasted 00:00:56 (103 turns).

Gabide the Shooter (Barachi Hunter)                  Turns: 103, Time: 00:00:57

Health: -1/17      AC:  3    Str: 12    XL:     1   Next: 80%
Magic:  1/1        EV: 12    Int:  9    God:
Gold:   17         SH:  0    Dex: 15    Spells: 0/0 levels left

rFire   . . .        a - +0 shortbow
rCold   . . .        (shield currently unavailable)
rNeg    . . .        c - +0 leather armour
rPois   .            (no helmet)
rElec   .            (no cloak)
rCorr   .            (no gloves)
SInv    .            (no boots)
Will    .....        (no amulet)
Stlth   +            (no ring)
HPRegen 0.22/turn    (no ring)
MPRegen 0.07/turn

%: no passive effects
@: unable to hop, slow
A: amphibious, slowness 1, strong legs 1, +LOS
a: Hop


You were on level 1 of the Dungeon.
You visited 1 branch of the dungeon, and saw 1 of its levels.

You collected 17 gold pieces.

Inventory:

Hand Weapons
 a - a +0 shortbow (weapon)
Armour
 c - a +0 leather armour (worn)
Scrolls
 b - a scroll of immolation


   Skills:
 - Level 2.4 Fighting
 - Level 4.0 Ranged Weapons
 - Level 2.1 Dodging
 - Level 0.8 Stealth
 + Level 1.1 Invocations


You couldn't memorise any spells.
You didn't know any spells.
Your spell library was empty.

Dungeon Overview and Level Annotations

Branches:
Dungeon (1/15)

Altars:

Shops:
D:1 ?


Innate Abilities, Weirdness & Mutations

You are amphibious.
You cover ground slowly.
You can hop short distances.
You have an extended range of vision and can be seen from far away.


Message History

* * * LOW HITPOINT WARNING * * *
The jackal bites you.
* * * LOW HITPOINT WARNING * * *
Fire: a) +0 shortbow
Press: ? - help, Shift-Dir - straight line, f/p - jackal
Aim: a jackal (55% to hit)
You shoot an arrow. The arrow hits the jackal.
The jackal is moderately wounded.
The jackal closely misses you. The kobold hits you but does no damage.
The jackal barely misses you. The kobold hits you with a +0 dagger.
* * * LOW HITPOINT WARNING * * *
Fire: a) +0 shortbow
Press: ? - help, Shift-Dir - straight line, f/p - jackal
Aim: a jackal (moderately wounded, 55% to hit)
You shoot an arrow.
The arrow hits the jackal but does no damage.
The jackal is moderately wounded.
The jackal barely misses you. The kobold barely misses you.
The jackal bites you but does no damage.
Fire: a) +0 shortbow
Press: ? - help, Shift-Dir - straight line, f/p - jackal
Aim: a jackal (moderately wounded, 55% to hit)
You shoot an arrow. The arrow closely misses the jackal.
The jackal barely misses you. The kobold hits you with a +0 dagger.
* * * LOW HITPOINT WARNING * * *
The jackal misses you. The kobold hits you but does no damage.
Fire: a) +0 shortbow
Press: ? - help, Shift-Dir - straight line, f/p - jackal
Aim: a jackal (moderately wounded, 55% to hit)
You shoot an arrow. The arrow closely misses the jackal.
The jackal misses you. The kobold barely misses you. The jackal bites you.
* * * LOW HITPOINT WARNING * * *
Unknown command.
Fire: a) +0 shortbow
Press: ? - help, Shift-Dir - straight line, f/p - jackal
Aim: a jackal (moderately wounded, 55% to hit)
You shoot an arrow. The arrow hits the jackal!
You kill the jackal!
The kobold hits you with a +0 dagger.
You die...

##### #...#### ....
###.#....# .....
#........#### ....
##...........# ....
#........##... ...
#####..##...##.... #..
###......##.........
#..##.†@.#####..#.......
#####..†..K..#
#.##.#.....
....†...∩..###
#.##.#..... #....#..####
#.##.#..... #.##....
#.##.##.... #..#..
#.##....... #. #.. #.#
#...### .. #.. #.# #..#
#. #.. #.##...


You could see a kobold.

Vanquished Creatures
  4 jackals (D:1)
  2 rats (D:1)
6 creatures vanquished.

Notes
Turn   | Place    | Note
-------+----------+-------------------------------------------
     0 | D:1      | Gabide the Barachi Hunter began the quest for the Orb.
     0 | D:1      | Reached XP level 1. HP: 17/17 MP: 1/1
    76 | D:1      | Found Tememi's Magic Scroll Boutique.
    94 | D:1      | Reached skill level 1 in Invocations
   103 | D:1      | Slain by a kobold

Illustrated notes

Levels and vault maps discovered:
D:1:      saegor_arrival_simple_e, layout_rooms, serial_shops, shop,
          ebering_ecumenical_altar_rust, minmay_strange_pillars, feat_on_display

Skill      XL: |  1 |
---------------+----+-----
Invocations    | 1 |  1.1
Fighting       | |  2.4
Ranged Weapons | |  4.0
Dodging        | |  2.1
Stealth        | |  0.8

Action                     || total
---------------------------++-------
   Fire: Shortbow          ||    19
Ability: Hop               ||     1
 Armour: Leather armour    ||    12
  Dodge: Dodged            ||    23
